 Dungeon Crawl Stone Soup version 0.18-a0-1702-gd20c6a5 (webtiles) character file.

8556 incide the Severer (level 11, 0/83 HPs)
             Began as a Hill Orc Chaos Knight on Apr 6, 2016.
             Succumbed to a swamp dragon's poison gas
             ... on level 9 of the Dungeon.
             The game lasted 01:04:08 (9114 turns).

incide the Severer (Hill Orc Chaos Knight)          Turns: 9114, Time: 01:04:09

Health: 0/83       AC: 24    Str: 17      XL:     11   Next: 32%
Magic:  12/12      EV:  6    Int: 16 (17) God:    Xom [*.....]
Gold:   2369       SH:  0    Dex:  9      Spells: 0 memorised, 10 levels left

rFire  . . .     SeeInvis .     H - +0 battleaxe (vamp)
rCold  . . .     Gourm    .     q - +0 plate armour
rNeg   . . .     Faith    .     (shield currently unavailable)
rPois  .         Spirit   .     z - +1 hat {Int+3}
rElec  +         Dismiss  .     (no cloak)
rCorr  +         Reflect  .     S - +0 pair of gloves
SustAt .         Harm     .     b - +1 pair of boots
MR     .....                    d - amulet of regeneration
Stlth  ..........               (no ring)
                                B - ring of resist corrosion

@: lethally poisoned (0 -> -10), about to teleport, very slightly contaminated,
hasted, very quick, not resistant to hostile enchantments, extremely unstealthy
A: claws 1, rough black scales 1, slimy green scales 1, blink, clever 1,
electricity resistance, weak 1
a: Blink, Renounce Religion


You were on level 9 of the Dungeon.
You worshipped Xom.
You were a special plaything of Xom.
You were not hungry.

You visited 2 branches of the dungeon, and saw 11 of its levels.

You collected 2701 gold pieces.
You spent 332 gold pieces at shops.

Inventory:

Hand Weapons
 a - a +0 hand axe of chaos
 A - a +0 broad axe
 C - a +2 war axe of electrocution
 H - a +0 vampiric battleaxe (weapon)
 L - a +2 hand axe of flaming
Missiles
 m - 5 needles of sleeping
 p - a throwing net (quivered)
 G - 31 poisoned needles
 K - 8 tomahawks of returning
Armour
 b - a +1 pair of boots (worn)
 e - a +0 shield
 q - a +0 plate armour (worn)
 z - a +1 hat of intelligence (worn)
 I - a +2 ring mail of poison resistance
 S - a +0 pair of gloves (worn)
 T - a troll hide
Jewellery
 d - an amulet of regeneration (around neck)
 B - a ring of resist corrosion (left hand)
Wands
 u - a wand of hasting (2/9)
 x - a wand of iceblast (0/15)
 F - a wand of iceblast (3/15)
 O - a wand of enslavement (8/24)
 P - a wand of disintegration (8/24)
 R - a wand of acid (6/15)
 U - a wand of lightning (0/15)
Scrolls
 h - a scroll of identify
 j - a scroll of remove curse
 k - 2 scrolls of magic mapping
 s - a scroll of immolation {unknown}
 t - 2 scrolls of enchant weapon {unknown}
 v - a scroll of random uselessness {unknown}
 w - 2 scrolls of blinking {unknown}
 y - 3 scrolls of fog {unknown}
 D - a scroll of vulnerability {unknown}
 E - a scroll of enchant armour {unknown}
Books
 V - a Fen Folio

   Spells                             Type                      Level
   a - Corpse Rot                     Necromancy                   2
   b - Stone Arrow                    Conjuration/Earth            3
   c - Leda's Liquefaction            Hexes/Earth                  4
   d - Summon Forest                  Summoning/Translocation      5
   e - Hydra Form                     Transmutation                6
   f - Summon Hydra                   Summoning                    7
Comestibles
 c - 6 bread rations
 g - a royal jelly
 l - 15 fruits
 n - 7 meat rations
 r - a chunk of flesh
 W - 3 slices of pizza


   Skills:
 - Level 3.7 Fighting
 * Level 16.0 Axes
 + Level 7.8 Armour
 - Level 0.7 Dodging
 + Level 9.7 Shields
 + Level 2.6 Evocations


You had 10 spell levels left.
You didn't know any spells.

Dungeon Overview and Level Annotations

Branches:
Dungeon (10/15)            Temple (1/1) D:4
   Lair: D:8-11         Orc: D:9-12

Altars:
Ashenzari
Cheibriados
Dithmenos
Elyvilon
Fedhas
Gozag
Kikubaaqudgha
Makhleb
Nemelex Xobeh
Okawaru
Pakellas
Qazlal
Ru
Sif Muna
Trog
Vehumet
Xom
Yredelemnul
Zin
The Shining One

Shops:
D:9 }   D:10 (


Innate Abilities, Weirdness & Mutations

You have sharp fingernails.
You are partially covered in rough black scales (AC +4, Dex -1).
You are partially covered in slimy green scales (AC +2).
You can translocate small distances at will.
Your mind is acute. (Int +2)
You are resistant to electric shocks.
You are weak. (Str -2)


Message History

You aren't carrying any potions.
You aren't carrying any potions.
You aren't carrying any potions.
You aren't carrying any potions.
You aren't carrying any potions.
You aren't carrying any potions.
You aren't carrying any potions.
You aren't carrying any potions.
You aren't carrying any potions.
You aren't carrying any potions.
You aren't carrying any potions.
You aren't carrying any potions.
You aren't carrying any potions.
You aren't carrying any potions.
You aren't carrying any potions.
You aren't carrying any potions.
You aren't carrying any potions.
You aren't carrying any potions.
You die...
Xom guffaws!

#...## #.# #..#######.### #....#
#.# #....## #...## #..#.# #.##
#.#..## ##.### #..#.###..##
#.#..##.##.##. #..#..###Z.#
#....##....... #>.##....).###
#.#..##.##.##. #..##[####...###
#.##.#####.### #..##.#
#.....####.##.###....# #..##.#
###.#.@..#....######## #..##.#
#..###§§D....#######. #..##.#
##.###§§§.[>..######. #..##.##
#..#.§§§.......####. ##......#
##...#........).###
........#######...#...⌠.⌠....####
...._..................∩......###
......._#####........#⌠.⌠####)###
............[.[.....###..# #....


You could see a swamp dragon shaped shifter and a wasp zombie.

Vanquished Creatures
  A hydra (D:9)
  Erolcha (D:8)
  A death knight (D:9)
  A cyclops (D:9)
  An ugly thing (D:9)
  Joseph (D:7)
  A troll (D:9)
  2 yaks (D:9)
  A hippogriff (D:9)
  The ghost of Nedvokis the Firebug, an amateur HuFE (D:3)
  A vampire mosquito (D:9)
  2 ice beasts
  2 orc warriors
  A phantom (D:4)
  A sky beast (D:5)
  2 necrophages
  8 ogres
  3 centaurs
  A crocodile (D:9)
  3 big kobolds (D:9)
  4 giant frogs
  A water moccasin skeleton (D:9)
  10 killer bees
  A scorpion (D:9)
  A wight (D:9)
  4 howler monkeys
  4 crimson imps
  4 hounds
  2 centaur zombies
  7 orc priests
  2 giant frog skeletons
  A giant frog zombie (D:5)
  3 iguanas
  9 orc wizards
  6 worker ants
  A killer bee zombie (D:9)
  2 sheep (D:9)
  A hound zombie (D:4)
  A hound skeleton (D:8)
  7 adders
  3 gnolls (D:2)
  4 shadow imps
  An ooze (D:1)
  An adder skeleton (D:5)
  An adder zombie (D:5)
  4 worms
  A dart slug (D:2)
  6 giant geckos
  A giant gecko (shapeshifter) (D:4)
  39 orcs
  8 bats
  5 giant cockroaches
  16 goblins
  5 hobgoblins
  10 jackals
  4 quokkas
  5 ball pythons
  4 giant newts
  A jackal skeleton (D:6)
  12 kobolds
  A quokka skeleton (D:5)
  5 rats
243 creatures vanquished.

Vanquished Creatures (collateral kills)
  A troll (D:9)
  An orc warrior (D:9)
  A sky beast (D:9)
  A scorpion (D:4)
  A howler monkey (D:9)
  A crimson imp (D:8)
  A hound (D:9)
  An orc wizard (D:4)
  A hound skeleton (D:9)
  4 orcs
  A goblin (D:4)
14 creatures vanquished.

Vanquished Creatures (others)
  A centaur skeleton (D:9)
  An orc wizard (D:8)
  2 orcs (D:3)
  A ball python (D:3)
  4 plants (D:9)
9 creatures vanquished.

Grand Total: 266 creatures vanquished

Notes
Turn   | Place    | Note
--------------------------------------------------------------
     0 | D:1      | incide the Hill Orc Chaos Knight began the quest for the Orb.
     0 | D:1      | Reached XP level 1. HP: 19/19 MP: 1/1
    43 | D:1      | XOM: potion effect (berserk rage)
   100 | D:1      | Reached XP level 2. HP: 24/27 MP: 2/2
   321 | D:1      | Reached skill level 5 in Axes
   321 | D:1      | XOM: divination: detect creatures
   407 | D:1      | Reached XP level 3. HP: 33/33 MP: 3/3
   736 | D:2      | XOM: god gift: smoky purple potion
  1074 | D:2      | Reached XP level 4. HP: 40/40 MP: 4/4
  1078 | D:2      | Found a snail-covered altar of Cheibriados.
  1078 | D:2      | XOM: polymorph rat -> giant gecko
  1132 | D:2      | XOM: divination: magic mapping
  1168 | D:2      | Reached skill level 6 in Axes
  1317 | D:2      | XOM: harmless Pois miscast
  1387 | D:2      | XOM: medium Air miscast
  1852 | D:2      | XOM: 1-stop teleportation journey
  2052 | D:3      | XOM: enchant monster (good)
  2060 | D:3      | Reached skill level 1 in Shields
  2060 | D:3      | Reached XP level 5. HP: 23/46 MP: 5/5
  2066 | D:3      | Reached skill level 7 in Axes
  2128 | D:3      | Reached XP level 6. HP: 23/52 MP: 6/6
  2423 | D:3      | Found a shimmering altar of Xom.
  2440 | D:3      | Noticed Nedvokis's ghost (amateur HuFE)
  2496 | D:3      | Killed Nedvokis's ghost
  2496 | D:3      | Reached skill level 8 in Axes
  2729 | D:3      | XOM: god gift: 2070 gold pieces
  2736 | D:3      | HOLY SHIT
  2736 | D:3      | making it raaain
  2801 | D:3      | Found a burning altar of Makhleb.
  2808 | D:3      | Reached XP level 7. HP: 45/58 MP: 7/7
  2825 | D:3      | XOM: give mutation
  2825 | D:3      | Gained mutation: Your mind is acute. (Int +2) [Xom's grace]
  2974 | D:4      | XOM: scenery: 1 doors open
  2981 | D:4      | XOM: potion effect (invisibility)
  3083 | D:4      | Found a staircase to the Ecumenical Temple.
  3107 | Temple   | Entered the Ecumenical Temple
  3386 | D:4      | XOM: cast spell 'Summon Ice Beast'
  3446 | D:4      | XOM: summons 3 friendly demons
  3456 | D:4      | Reached skill level 9 in Axes
  3502 | D:4      | HP: 2/58 [ogre/giant club (22)]
  3505 | D:4      | XOM: swap monsters
  3776 | D:4      | XOM: swap monsters
  4021 | D:4      | XOM: snakes to sticks
  4023 | D:4      | lol
  4072 | D:4      | Reached XP level 8. HP: 65/66 MP: 8/8
  4122 | D:5      | Entered Level 5 of the Dungeon
  4220 | D:5      | Reached skill level 10 in Axes
  4263 | D:5      | XOM: give mutations
  4263 | D:5      | Gained mutation: You are partially covered in slimy green scales (AC +2). [Xom's grace]
  4263 | D:5      | Gained mutation: You can translocate small distances at will. [Xom's grace]
  4263 | D:5      | Gained mutation: You have sharp fingernails. [Xom's grace]
  4265 | D:5      | +blink mut
  4295 | D:5      | Found a radiant altar of Vehumet.
  4586 | D:5      | Reached skill level 5 in Armour
  4619 | D:5      | Found a stormy altar of Qazlal.
  4730 | D:5      | XOM: butterfly on damage
  4972 | D:6      | Reached skill level 5 in Shields
  5158 | D:6      | XOM: 3-stop teleportation journey
  5214 | D:6      | Found a shadowy altar of Dithmenos.
  5262 | D:6      | XOM: give mutations
  5262 | D:6      | Gained mutation: You are partially covered in rough black scales (AC +4, Dex -1). [Xom's grace]
  5262 | D:6      | Gained mutation: You are resistant to electric shocks. [Xom's grace]
  5275 | D:6      | :D
  5294 | D:6      | Reached skill level 11 in Axes
  5366 | D:7      | XOM: stealth player
  5477 | D:7      | Reached XP level 9. HP: 46/71 MP: 9/9
  5483 | D:7      | Found an opulent altar of Gozag.
  5513 | D:7      | fuck
  5645 | D:7      | XOM: 4-stop teleportation journey
  5993 | D:7      | XOM: god gift: glowing hat {god gift}
  6005 | D:7      | :D
  6121 | D:7      | Noticed Joseph
  6136 | D:7      | XOM: cast spell 'Dragon Form'
  6144 | D:7      | Killed Joseph
  6144 | D:7      | Reached skill level 12 in Axes
  6434 | D:8      | XOM: summons 9 friendly demons
  6435 | D:8      | lol
  6438 | D:8      | Noticed Erolcha
  6446 | D:8      | XOM: swap monsters
  6476 | D:8      | Killed Erolcha
  6476 | D:8      | Reached skill level 13 in Axes
  6476 | D:8      | Reached skill level 1 in Evocations
  6484 | D:8      | XOM: scenery: create altars
  6488 | D:8      | XOM: polymorph worker ant -> hound
  6517 | D:8      | XOM: scenery: 1 doors open
  6748 | D:8      | Reached XP level 10. HP: 70/78 MP: 10/10
  6843 | D:8      | XOM: harmless Fire miscast
  7158 | D:8      | XOM: swap monsters
  7195 | D:8      | XOM: mild Pois miscast
  7391 | D:8      | Reached skill level 14 in Axes
  7391 | D:8      | XOM: cast spell 'Metabolic Englaciation'
  7518 | D:8      | XOM: harmless Chrm miscast
  7557 | D:9      | Found an iron altar of Okawaru.
  7557 | D:9      | Found an ancient bone altar of Kikubaaqudgha.
  7557 | D:9      | Found a bloodstained altar of Trog.
  7711 | D:9      | XOM: enchant monster (good)
  7716 | D:9      | XOM: scenery: create altars
  7717 | D:9      | :D
  7768 | D:9      | Found Boyrixt's Gadget Shoppe.
  7776 | D:9      | Bought a wand of lightning (2/15) for 72 gold pieces
  7843 | D:9      | Noticed a cyclops
  7916 | D:9      | XOM: fog
  7935 | D:9      | XOM: enchant monster (good)
  7943 | D:9      | XOM: enchant monster (good)
  8000 | D:9      | Noticed a death knight
  8000 | D:9      | Killed a cyclops
  8001 | D:9      | XOM: 8-stop teleportation journey
  8019 | D:9      | XOM: scenery: create altars
  8028 | D:9      | Reached skill level 15 in Axes
  8034 | D:9      | XOM: divination: magic mapping
  8099 | D:9      | Noticed a three-headed hydra
  8113 | D:9      | XOM: god gift: long copper wand {god gift}
  8236 | D:8      | XOM: scenery: create altars
  8356 | D:9      | Killed a one-headed hydra
  8356 | D:9      | Reached XP level 11. HP: 67/83 MP: 12/12
  8361 | D:9      | XOM: enchant monster (good)
  8362 | D:9      | XOM: scenery: 4 doors close
  8503 | D:9      | XOM: enchant monster (good)
  8514 | D:9      | XOM: butterfly on damage
  8515 | D:9      | Gained mutation: You are weak. (Str -2) [potion of mutation]
  8521 | D:9      | Killed a death knight
  8559 | D:9      | XOM: god gift: murky inky potion
  8601 | D:9      | Noticed a green ugly thing
  8634 | D:9      | Killed a green ugly thing
  8634 | D:9      | Reached skill level 16 in Axes
  8721 | D:9      | XOM: god gift: 8 arrows of frost
  8782 | D:10     | Entered Level 10 of the Dungeon
  8866 | D:10     | Found Xoamitate's Antique Weapon Emporium.
  8886 | D:10     | Bought a glowing war axe for 91 gold pieces
  8886 | D:10     | Bought a runed battleaxe for 169 gold pieces
  8947 | D:10     | XOM: confusion
  9094 | D:9      | XOM: stat loss: -1 Int (16/17)
  9102 | D:9      | XOM: polymorph troll -> guardian serpent
  9104 | D:9      | HP: 3/83 [guardian serpent (shapeshifter) (15)]
  9110 | D:9      | Noticed a swamp dragon
  9110 | D:9      | a guardian serpent changed into a swamp dragon
  9110 | D:9      | XOM: polymorph guardian serpent -> swamp dragon
  9112 | D:9      | HP: 3/83 [swamp dragon (shapeshifter)] (3)]
  9113 | D:9      | HP: 1/83 [poisoned by a swamp dragon (poison gas)]
  9114 | D:9      | Succumbed to a swamp dragon's poison gas

Vault maps used:
D:1:      minmay_arrival_solitary_statue, minivault_5, minmay_misc_feat_chi
D:2:      forest_paths, lemuel_coloured_pillars_altar
D:3:      old_standard_altar, old_standard_altar, first_bread, st_stairs_6,
          saegor_snake_ambush
D:4:      minmay_temple_entry_butterflies, minmay_ogre_servants
D:5:      lemuel_crystal_altar, nicolae_qazlal_general_emergency
D:6:      grunt_dithmenos_smoke_and_mirrors
D:7:      nicolae_gozag_cash_rules_everything_around_me, uniq_joseph
D:8:      uniq_erolcha
D:9:      hangedman_cross_veins, gammafunk_temple_overflow_forgotten,
          serial_shops, shop_fountains, hangedman_ranch, minmay_lizard_king
D:10:     lair_0_dummy, orc_0_dummy, special_room, serial_shops, shop_fountains
Temple:   chambers_temple_12

Skill      XL: |  1  2  3  4  5  6  7  8  9 10 11 |
---------------+----------------------------------+-----
Axes           | 5 6 7 8 9 11 13 15 16 | 16.0
Armour         | 3 4 5 6 7 |  7.8
Shields        | 1 3 4 5 7 9 |  9.7
Evocations     | 1 2 |  2.6
Fighting       | |  3.7
Dodging        | |  0.7

Action                   |  1- 3 |  4- 6 |  7- 9 | 10-12 || total
-------------------------+-------+-------+-------+-------++-------
Melee: Hand axe          |    92 |   183 |   499 |   382 ||  1156
       Unarmed           |       |       |     7 |       ||     7
       Broad axe         |       |       |       |    43 ||    43
       Battleaxe         |       |       |       |    33 ||    33
 Abil: Breathe Fire      |       |       |     1 |       ||     1
Evoke: Wand              |       |       |     8 |    17 ||    25
  Use: Potion            |       |     2 |     3 |     8 ||    13
       Scroll            |       |     2 |     5 |     4 ||    11
 Stab: Petrifying        |       |     2 |     3 |     1 ||     6
       Confused          |       |     1 |     3 |     2 ||     6
       Distracted        |       |     1 |     1 |       ||     2
       Paralysed         |       |     1 |     4 |    15 ||    20
       Invisible         |       |       |     3 |       ||     3
       Petrified         |       |       |     4 |     2 ||     6
       Sleeping          |       |       |     1 |       ||     1
  Eat: Chunk             |     1 |     6 |    15 |     6 ||    28
       Beef jerky        |       |       |       |     2 ||     2
       Pizza             |       |       |       |     3 ||     3
